Map: Chain of Ascension

Players

Ellessar

  • Race: Terran Terran
  • Spawn Location: 11:00

NamroodTuo

  • Race: Terran Terran

VOD

Have the link to the VOD?

Description

Time

  • Played on: June 7, 2023, 2:42 p.m.
  • Length: 25:03
Show
View Real Time Build Order
Export as new Build Order

Ellessar Terran 

Build Orders:  

Get SALT Encoding   

  12  0:05  SCV  
  13  0:21  SCV  
  14  0:37  Supply Depot  
  14  0:38  SCV  
  15  0:45  Refinery  
  15  0:53  Refinery  
  15  0:55  SCV  
  16  1:27  Engineering Bay  
  16  1:40  SCV  
  17  1:57  SCV  
  18  2:06  Barracks  
  18  2:14  SCV  
  19  2:20  Supply Depot  
  19  2:22  Engineering Bay  
  19  2:31  SCV  
  20  2:44  Missile Turret  
  20  2:45  Barracks Tech Lab  
  20  2:48  SCV  
  21  3:01  Bunker  
  21  3:08  Terran Infantry Weapons Level 1  
  21  3:10  Terran Infantry Armor Level 1  
  21  3:19  SCV  
  22  3:36  SCV  
  23  3:40  Marauder  
  25  3:52  Marine  
  25  3:53  SCV  
  27  4:02  Marine  
  26  4:10  SCV  
  29  4:22  Medic  
  31  5:00  Neosteel Frame  
  31  5:24  Command Center  
  31  5:50  Unknown  
  31  5:59  Orbital Command, Refinery  
  31  6:16  Supply Depot  
  31  6:17  Marauder, Supply Depot  
  31  6:18  Supply Depot  
  33  6:21  Supply Depot x2  
  33  6:29  Medic  
  33  6:31  Supply Depot  
  33  6:39  Medic  
  35  6:49  Medic  
  43  7:00  Medic  
  39  7:06  Refinery  
  41  7:38  SCV x2  
  43  7:55  SCV x2  
  43  7:58  Medic  
  45  8:08  Medic  
  45  8:09  Barracks  
  47  8:12  SCV x2  
  47  8:18  Medic  
  51  8:28  Medic  
  51  8:29  SCV x2  
  55  8:39  Marine  
  57  8:45  Barracks  
  57  8:46  SCV x2  
  57  8:48  Structure Armor  
  57  8:49  Marine  
  60  8:51  Barracks Tech Lab  
  60  8:59  Firebat  
  63  9:12  SCV, Firebat  
  66  9:20  Barracks  
  66  9:25  Firebat  
  66  9:29  SCV  
  69  9:46  SCV  
  70  10:02  SCV  
  71  10:13  SCV  
  71  10:19  SCV  
  73  10:23  Barracks Reactor  
  73  10:24  Barracks Tech Lab  
  73  10:25  Marine x2  
  75  10:30  SCV  
  75  10:35  Marauder  
  75  10:36  Marauder, SCV  
  81  10:41  Missile Turret  
  81  10:47  SCV  
  81  10:48  Medic, Firebat  
  82  10:53  SCV  
  82  10:58  Firebat  
  87  11:01  Marine  
  87  11:04  SCV  
  87  11:07  Missile Turret  
  89  11:10  SCV  
  90  11:20  SCV  
  91  12:04  Marine x3  
  94  12:35  Marine x4, Supply Depot, Marauder  
  94  12:36  Supply Depot  
  100  12:40  Factory  
  100  12:45  Marine x3  
  100  12:46  Marauder  
  100  12:48  Marauder  
  105  12:55  Marine, Medic  
  105  12:57  Marine  
  110  13:05  Marine  
  110  13:36  Marine  
  110  13:37  Marine  
  109  13:47  Marine  
  109  13:49  Marine, Medic x2, Supply Depot x2  
  110  13:50  Firebat  
  110  13:51  Supply Depot  
  110  13:58  Marine  
  110  13:59  Marine  
  116  14:00  Firebat x2  
  116  14:02  Firebat  
  124  14:13  Marauder x2  
  124  14:15  Marauder  
  124  14:18  Marine  
  124  14:19  Marine  
  130  14:25  Marauder x2  
  130  14:28  Marauder  
  130  14:29  Marine  
  132  14:30  Marine  
  132  14:35  Supply Depot  
  132  14:36  Supply Depot  
  132  14:37  Supply Depot  
  132  14:38  Marine, Marauder  
  132  14:39  Marine  
  132  14:40  Marine x2  
  132  14:41  Supply Depot x2  
  132  14:44  Supply Depot  
  132  14:46  Supply Depot  
  132  14:48  Marine, Supply Depot x2  
  132  14:49  Marine  
  138  14:50  Marine x3  
  138  14:54  Supply Depot  
  138  14:58  Firebat  
  143  15:01  Firebat x2  
  143  15:08  Missile Turret  
  144  15:11  Factory Tech Lab  
  136  15:36  Missile Turret  
  130  16:03  Missile Turret  
  121  16:19  Unknown  
  120  16:35  Marauder  
  120  16:36  Firebat x2  
  126  16:48  Medic, Firebat  
  124  16:50  Orbital Command  
  124  16:53  SCV  
  124  16:58  Siege Tank  
  130  17:10  SCV  
  130  17:11  Stabilizer Medpacks  
  130  17:19  Siege Tank  
  129  17:24  Armory  
  129  17:27  SCV  
  128  17:39  Marine, Siege Tank  
  107  17:40  Marine x3  
  126  17:41  Marine  
  126  17:44  SCV  
  126  17:49  Marine  
  133  17:50  Marine x2  
  133  17:51  Marine x2  
  134  18:00  Marine x2  
  134  18:01  Firebat x3  
  134  18:08  Incinerator Gauntlets  
  134  18:09  Unknown  
  138  18:10  Marine x2  
  138  18:11  Juggernaut Plating  
  138  18:13  Medic, Firebat  
  138  18:14  Marine  
  141  18:24  Marine x2  
  141  18:26  Marine  
  142  18:32  Armory  
  142  18:34  Firebat  
  142  18:35  Firebat  
  142  18:36  Firebat  
  148  18:47  Firebat x2  
  152  19:02  Marine x2  
  152  19:03  Marauder x2, Marine  
  159  19:11  Unknown, Concussive Shells  
  159  19:12  Marine x2  
  159  19:14  Marine  
  159  19:15  Marine  
  159  19:16  Marine  
  160  19:21  Terran Vehicle and Ship Weapons Level 1  
  160  19:22  Marine x2  
  160  19:23  Advanced Siege Tech  
  160  19:24  Marauder  
  160  19:26  Marauder, Medic  
  166  19:30  Terran Infantry Weapons Level 2  
  166  19:32  Marine x2, Terran Infantry Armor Level 2  
  166  19:36  Medic  
  166  19:37  Marine  
  166  19:38  Marine  
  171  19:46  Marine  
  171  19:47  Marine  
  171  19:48  Marine  
  175  20:02  Medic x3  
  181  20:12  Medic x3  
  187  20:22  Medic x2  
  187  20:23  Medic  
  187  20:28  Terran Vehicle And Ship Armor Level 1  
  193  20:32  Medic  
  195  20:53  Cerberus Mines  
  195  21:50  Firebat x2  
  195  21:53  Replenishable Magazine  
  199  22:01  Advanced Optics  
  199  22:42  Unknown  
  196  23:01  Marauder x2  
  196  23:02  Marauder, Marine x2  
  196  23:08  Afterburners  
  186  23:12  Marine  
  186  23:13  Marine  
  186  23:14  Marine, Marauder x2  
  186  23:22  Marine  
  186  23:23  Marine  
  186  23:24  Marine  
  186  23:26  Marine x2  
  187  23:33  Marine x2  
  187  23:35  Marauder  
  187  23:37  Marauder x2  
  190  23:43  Marine x2  
  190  23:47  Marauder  
  190  23:49  Marauder  
  144  23:50  Firebat  
  192  23:53  Marine x2  
Show
View Real Time Build Order
Export as new Build Order

NamroodTuo Terran 

Build Orders:  

Get SALT Encoding   

  12  0:07  SCV  
  13  0:24  SCV  
  14  0:36  Refinery  
  14  0:41  SCV  
  14  0:46  Refinery  
  15  0:58  SCV  
  16  1:15  SCV  
  17  1:32  SCV  
  17  1:37  Engineering Bay  
  18  1:45  Engineering Bay  
  18  2:01  Gunslingers Hideout  
  18  2:02  SCV  
  19  2:23  SCV  
  20  2:33  Outlaw Weapons Level 1  
  20  2:35  Outlaw Life and Armor Level 1  
  20  2:41  SCV  
  21  2:58  SCV  
  22  3:01  Tychus  
  22  3:15  SCV  
  23  3:32  SCV  
  24  3:49  SCV  
  25  3:51  James Sirius Sykes  
  35  4:49  Outlaw Weapons Level 2  
  35  4:51  Outlaw Life and Armor Level 2  
  35  5:04  Medivac Platform  
  35  5:07  SCV  
  36  5:23  Auto-Turret  
  36  5:24  SCV  
  37  5:41  SCV  
  38  5:58  SCV  
  39  6:04  Fixers Safehouse  
  39  6:15  SCV  
  40  7:30  SCV  
  41  7:42  Auto-Turret  
  41  7:47  Kel-Morian Ripper Rounds  
  41  8:09  Vega  
  51  8:55  Command Center  
  51  9:15  Auto-Turret  
  51  10:27  Refinery  
  51  10:30  Outlaw Weapons Level 3  
  51  10:31  Outlaw Life and Armor Level 3  
  51  12:11  Crooked Sam  
  61  12:21  Muscle Armory  
  61  13:11  ITC-E Triggers  
  61  14:41  Flashforce GDM Visor  
  51  16:11  Endurance Supplements  
  61  16:33  Outlaw Weapons Level 4  
  61  16:39  SA-55 Thunderbolt Missiles  
  61  16:40  Moebius M34 Terror Rounds  
  61  17:14  SCV  
  62  17:31  SCV  
  63  17:41  Outlaw Life and Armor Level 4  
  63  17:48  SCV  
  64  18:05  SCV  
  65  18:12  Rob Cannonball Boswell  
  75  18:22  SCV  
  76  20:07  Outlaw Weapons Level 5  
  76  20:11  D99 Detonator  
  76  20:12  Vanadium Shell, KD9a Implosion Core  
  76  20:27  Medivac Platform  
  76  21:02  Outlaw Life and Armor Level 5  
  76  21:14  SCV  
  77  21:31  SCV  
  78  21:48  SCV  
  79  22:05  SCV  
  80  22:22  SCV  
Tags
 
Add a new tag
Caveats
  • Supply blocks, unpowered buildings, or Contaminate may cause inaccurate times.
  • Supply counts are checked every 10 seconds.